TEX
NORTHWEST ARKANSAS NATURALS @ FRISCO ROUGHRIDERS
08/14/2098
 
TOP OF THE 1ST
Northwest Arkansas Naturals batting - Pitching for Frisco RoughRiders : RHP Danny Raziano
Pitching: RHP Danny Raziano
Batting: RHB Gabe Pike 0-0: Ground out 6-3 (Groundball, 6, EV 95.6 MPH)
Batting: RHB Tom Turnage 0-0: Ball
1-0: Foul Ball, location: 9LMF
1-1: Foul Ball, location: 2F
1-2: Ball
2-2: Ball
3-2: Base on Balls
Batting: SHB Michael Sena 0-0: SINGLE (Groundball, 56D, EV 107.5 MPH) (infield hit)
Tom Turnage to second
Batting: RHB Eric Young 0-0: Foul Ball, location: 2F
0-1: Foul Ball, location: 3SF
0-2: Strikes out swinging
Batting: LHB Rafael Moya 0-0: Ball
1-0: Ball
2-0: Foul Ball, location: 7LDF
2-1: Called Strike
2-2: Foul Ball, location: 3FF
2-2: Ball
3-2: Foul Ball, location: 2F
3-2: Foul Ball, location: 3F
3-2: Foul Ball, location: 7LSF
3-2: SINGLE (Flyball, 5D, EV 87.5 MPH)
Tom Turnage to third
Michael Sena to second
Tom Turnage scores
Michael Sena to third
Batting: RHB Jordan Baeza 0-0: Ball
1-0: 3-RUN HOME RUN (Flyball, 9LD, EV 92.5 MPH), Distance : 355 ft
Batting: LHB Sean Eddy 0-0: Ball
1-0: Ball
2-0: Swinging Strike
2-1: Called Strike
2-2: Ball
3-2: Ground out U3 (Groundball, 3, EV 85.6 MPH)
Top of the 1st over - 4 runs, 3 hits, 0 errors, 0 left on base; Northwest Arkansas 4 - Frisco 0
BOTTOM OF THE 1ST
Frisco RoughRiders batting - Pitching for Northwest Arkansas Naturals : RHP Nate Dombrowski
Pitching: RHP Nate Dombrowski
Batting: RHB Eric Nichols 0-0: Ball
1-0: Ground out 6-3 (Groundball, 6S, EV 66.9 MPH)
Batting: RHB Pedro Colon 0-0: DOUBLE (Groundball, 5L, EV 105.0 MPH)
Batting: LHB Ryan O'Neal 0-0: Called Strike
0-1: Ball
1-1: Ball
2-1: Ball
3-1: Called Strike
3-2: 2-RUN HOME RUN (Flyball, 9D, EV 101.9 MPH), Distance : 382 ft
Batting: LHB Josh Anderson 0-0: Foul Ball, location: 2F
0-1: Ball
1-1: Foul Ball, location: 3F
1-2: Foul Ball, location: 3F
1-2: Foul Ball, location: 7LMF
1-2: Foul Ball, location: 7LSF
1-2: Ball
2-2: Ball
3-2: Foul Ball, location: 3F
3-2: Base on Balls
Batting: LHB Dallas Zancanella 0-0: Ball
1-0: SINGLE (Line Drive, 7S, EV 94.4 MPH)
Josh Anderson to second
Batting: RHB Manny Rodriguez 0-0: SINGLE (Line Drive, 6D, EV 103.1 MPH)
Josh Anderson to third
Dallas Zancanella to second
Batting: RHB Kymani Biggs 0-0: DOUBLE (Flyball, 89D, EV 106.9 MPH)
Josh Anderson scores
Dallas Zancanella scores
Manny Rodriguez to third
Runner from 3rd tries for Home, SAFE, throw by RF to trailing runner, SAFE at third!
Batting: RHB Mark Riggs 0-0: Called Strike
0-1: Ball
1-1: Ground out 6-3 (Groundball, 6M, EV 78.8 MPH)
Kymani Biggs scores
Batting: LHB Corey Jackson 0-0: Fly out, F6 (Popup, 4MD, EV 48.1 MPH)
Bottom of the 1st over - 6 runs, 5 hits, 0 errors, 0 left on base; Northwest Arkansas 4 - Frisco 6
TOP OF THE 2ND
Northwest Arkansas Naturals batting - Pitching for Frisco RoughRiders : RHP Danny Raziano
Batting: RHB Matt Palmer 0-0: Ball
1-0: Ball
2-0: Foul Ball, location: 2F
2-1: Ground out 4-3 (Groundball, 34D, EV 93.8 MPH)
Batting: RHB Bobby Castillo 0-0: Ground out 5-3 (Groundball, 5S, EV 72.5 MPH)
Batting: RHB Gabe Pike 0-0: Fly out, F7 (Flyball, 78S, EV 86.9 MPH)
Top of the 2nd over - 0 runs, 0 hits, 0 errors, 0 left on base; Northwest Arkansas 4 - Frisco 6
BOTTOM OF THE 2ND
Frisco RoughRiders batting - Pitching for Northwest Arkansas Naturals : RHP Nate Dombrowski
Batting: RHB Eric Nichols 0-0: Foul Ball, location: 2F
0-1: Ball
1-1: Foul Ball, location: 23FF
1-2: Foul Ball, location: 2F
1-2: Ball
2-2: Foul Ball, location: 9LSF
2-2: Ball
3-2: Fly out, F9 (Flyball, 9, EV 95.0 MPH)
Batting: RHB Pedro Colon 0-0: Ball
1-0: Fly out, F8 (Flyball, 8RS, EV 77.5 MPH)
Batting: LHB Ryan O'Neal 0-0: Called Strike
0-1: Swinging Strike
0-2: SOLO HOME RUN (Flyball, 9D, EV 99.4 MPH), Distance : 372 ft
Batting: LHB Josh Anderson 0-0: Ball
1-0: Fly out, F8 (Flyball, 8LXD, EV 103.1 MPH)
Bottom of the 2nd over - 1 run, 1 hit, 0 errors, 0 left on base; Northwest Arkansas 4 - Frisco 7
TOP OF THE 3RD
Northwest Arkansas Naturals batting - Pitching for Frisco RoughRiders : RHP Danny Raziano
Batting: RHB Tom Turnage 0-0: Called Strike
0-1: Ball
1-1: Foul Ball, location: 2F
1-2: TRIPLE (Flyball, 89XD, EV 108.8 MPH)
Batting: SHB Michael Sena 0-0: Ball
1-0: SINGLE (Line Drive, 6MD, EV 98.8 MPH)
Tom Turnage scores
Batting: RHB Eric Young 0-0: Ball
1-0: Ball
2-0: Ball
3-0: Base on Balls
Michael Sena to second
Batting: LHB Rafael Moya 0-0: Ball
1-0: Fly out, F4 (Popup, 34S, EV 86.9 MPH)
Pitching: RHP Jose Rios
Batting: RHB Jordan Baeza 0-0: Called Strike
0-1: Ball
1-1: Ball
2-1: Ball
3-1: Swinging Strike
3-2: Foul Ball, location: 2F
3-2: Grounds into double play, 4-6-3 (Groundball, 4, EV 91.3 MPH)
Top of the 3rd over - 1 run, 2 hits, 0 errors, 1 left on base; Northwest Arkansas 5 - Frisco 7
BOTTOM OF THE 3RD
Frisco RoughRiders batting - Pitching for Northwest Arkansas Naturals : RHP Nate Dombrowski
Batting: LHB Dallas Zancanella 0-0: Ball
1-0: Foul Ball, location: 2F
1-1: SOLO HOME RUN (Flyball, 7D, EV 95.0 MPH), Distance : 387 ft
Batting: RHB Manny Rodriguez 0-0: Called Strike
0-1: Fly out, F7 (Line Drive, 7S, EV 91.3 MPH)
Batting: RHB Kymani Biggs 0-0: Ball
1-0: Ball
2-0: Foul Ball, location: 5F
2-1: Foul Ball, location: 2F
2-2: Ball
3-2: Ground out 5-3 (Groundball, 56S, EV 74.4 MPH)
Batting: RHB Mark Riggs 0-0: Ball
1-0: Swinging Strike
1-1: Ground out 6-3 (Groundball, 6, EV 85.0 MPH)
Bottom of the 3rd over - 1 run, 1 hit, 0 errors, 0 left on base; Northwest Arkansas 5 - Frisco 8
TOP OF THE 4TH
Northwest Arkansas Naturals batting - Pitching for Frisco RoughRiders : RHP Jose Rios
Batting: LHB Sean Eddy 0-0: Called Strike
0-1: Fly out, F2 (Popup, 25F, EV 70.6 MPH)
Batting: RHB Matt Palmer 0-0: Ball
1-0: Foul Ball, location: 2F
1-1: SINGLE (Groundball, 6MD, EV 103.1 MPH)
Batting: RHB Bobby Castillo 0-0: Ball
1-0: Foul Ball, location: 7LMF
1-1: Ball
2-1: DOUBLE (Line Drive, 8RXD, EV 98.1 MPH)
Matt Palmer to third
Runner from 3rd tries for Home, SAFE, throw by CF to trailing runner, OUT at third! 8-3-5
Batting: RHB Gabe Pike 0-0: Called Strike
0-1: Ball
1-1: Foul Ball, location: 5FF
1-2: SINGLE (Line Drive, 89S, EV 106.9 MPH)
Batting: RHB Tom Turnage 0-0: Ball
1-0: Ball
2-0: Ball
3-0: Called Strike
3-1: Base on Balls
Gabe Pike to second
Batting: SHB Michael Sena 0-0: 3-RUN HOME RUN (Flyball, 9D, EV 96.9 MPH), Distance : 382 ft
Pitching: RHP Bobby Cristobal
Batting: RHB Eric Young 0-0: Ball
1-0: Called Strike
1-1: Called Strike
1-2: Ball
2-2: Foul Ball, location: 2F
2-2: Fly out, F8 (Flyball, 8LM, EV 93.8 MPH)
Top of the 4th over - 4 runs, 4 hits, 0 errors, 0 left on base; Northwest Arkansas 9 - Frisco 8
BOTTOM OF THE 4TH
Frisco RoughRiders batting - Pitching for Northwest Arkansas Naturals : RHP Nate Dombrowski
Pitching: RHP Justin Stachowiak
Batting: LHB Corey Jackson 0-0: Fly out, F9 (Flyball, 9D, EV 88.1 MPH)
Batting: RHB Eric Nichols 0-0: Fly out, F9 (Flyball, 9S, EV 96.3 MPH)
Batting: RHB Pedro Colon 0-0: Ball
1-0: Foul Ball, location: 2F
1-1: Ball
2-1: Ball
3-1: Foul Ball, location: 2RF
3-2: Fly out, F4 (Popup, 3D, EV 61.3 MPH)
Bottom of the 4th over - 0 runs, 0 hits, 0 errors, 0 left on base; Northwest Arkansas 9 - Frisco 8
TOP OF THE 5TH
Northwest Arkansas Naturals batting - Pitching for Frisco RoughRiders : RHP Bobby Cristobal
Batting: LHB Rafael Moya 0-0: Ball
1-0: Called Strike
1-1: Foul Ball, location: 7LSF
1-2: Ball
2-2: Foul Ball, location: 5F
2-2: Fly out, F9 (Flyball, 9LDF, EV 108.1 MPH)
Batting: RHB Jordan Baeza 0-0: Ball
1-0: Foul Ball, location: 9LSF
1-1: Ball
2-1: Foul Ball, location: 2F
2-2: Ball
3-2: Foul Ball, location: 9LMF
3-2: Foul Ball, location: 3DF
3-2: DOUBLE (Line Drive, 89D, EV 98.1 MPH)
Batting: LHB Sean Eddy 0-0: Ball
1-0: SINGLE (Groundball, 34D, EV 95.6 MPH)
Jordan Baeza to third
Runner from 3rd tries for Home, SAFE, throw by RF to home
Sean Eddy to second
Batting: RHB Matt Palmer 0-0: Swinging Strike
0-1: Ball
1-1: Foul Ball, location: 2F
1-2: Strikes out swinging
Batting: RHB Bobby Castillo 0-0: Called Strike
0-1: Ball
1-1: Foul Ball, location: 9LSF
1-2: Ball
2-2: Strikes out swinging
Top of the 5th over - 1 run, 2 hits, 0 errors, 1 left on base; Northwest Arkansas 10 - Frisco 8
BOTTOM OF THE 5TH
Frisco RoughRiders batting - Pitching for Northwest Arkansas Naturals : RHP Justin Stachowiak
Batting: LHB Ryan O'Neal 0-0: Swinging Strike
0-1: Ball
1-1: Foul Ball, location: 7LSF
1-2: Ball
2-2: Foul Ball, location: 25F
2-2: Foul Ball, location: 2F
2-2: Ball
3-2: Foul Ball, location: 7LMF
3-2: Foul Ball, location: 2F
3-2: Foul Ball, location: 7LSF
3-2: Foul Ball, location: 9LMF
3-2: Base on Balls
Batting: LHB Josh Anderson 0-0: Ball
1-0: Ball
2-0: Called Strike
2-1: Fly out, F4 (Popup, 4M, EV 62.5 MPH)
Batting: LHB Dallas Zancanella 0-0: Ball
Ryan O'Neal steals 2nd base
1-0: Fly out, F7 (Flyball, 78M, EV 94.4 MPH)
Batting: RHB Manny Rodriguez 0-0: Ball
1-0: Foul Ball, location: 2F
1-1: Foul Ball, location: 3FF
1-2: Ball
2-2: Foul Ball, location: 3FF
2-2: Strikes out looking
Bottom of the 5th over - 0 runs, 0 hits, 0 errors, 1 left on base; Northwest Arkansas 10 - Frisco 8
TOP OF THE 6TH
Northwest Arkansas Naturals batting - Pitching for Frisco RoughRiders : RHP Bobby Cristobal
Batting: RHB Gabe Pike 0-0: Foul Ball, location: 5FF
0-1: SINGLE (Line Drive, 89M, EV 96.3 MPH)
Batting: RHB Tom Turnage 0-0: Called Strike
0-1: Swinging Strike
0-2: Ball
1-2: Ball
2-2: Ball
3-2: SINGLE (Groundball, 34D, EV 98.1 MPH)
Gabe Pike to second
Runner from 2nd tries for 3rd, SAFE, no throw by RF
Batting: SHB Michael Sena 0-0: Called Strike
0-1: Ball
1-1: Ball
2-1: Fielders Choice at 2nd, 4-6 (Groundball, 34S, EV 85.6 MPH)
Gabe Pike scores
Pitching: RHP Oscar Infante
Batting: RHB Eric Young 0-0: Ball
1-0: Swinging Strike
1-1: Called Strike
1-2: Ball
2-2: Strikes out swinging
Batting: LHB Rafael Moya 0-0: Ball
1-0: Called Strike
1-1: Ball
2-1: Ball
3-1: Called Strike
3-2: Fly out, F7 (Flyball, 7D, EV 95.0 MPH)
Top of the 6th over - 1 run, 2 hits, 0 errors, 1 left on base; Northwest Arkansas 11 - Frisco 8
BOTTOM OF THE 6TH
Frisco RoughRiders batting - Pitching for Northwest Arkansas Naturals : RHP Justin Stachowiak
Batting: RHB Kymani Biggs 0-0: Ball
1-0: SINGLE (Line Drive, 78M, EV 90.6 MPH)
Batting: RHB Mark Riggs 0-0: Foul Ball, location: 2F
0-1: Foul Ball, location: 5F
0-2: TRIPLE (Line Drive, 8LXD, EV 107.5 MPH)
Kymani Biggs scores
Batting: LHB Corey Jackson 0-0: Called Strike
0-1: DOUBLE (Flyball, 8LXD, EV 110.0 MPH)
Mark Riggs scores
Batting: RHB Eric Nichols 0-0: Ball
1-0: Fly out, F8 (Flyball, 8LD, EV 99.4 MPH)
Batting: RHB Pedro Colon 0-0: 2-RUN HOME RUN (Flyball, 89XD, EV 110.6 MPH), Distance : 437 ft
Pitching: LHP C.J. Confalone
Batting: LHB Ryan O'Neal 0-0: Ball
1-0: Ball
2-0: Called Strike
2-1: Ground out 6-3 (Groundball, 6M, EV 107.5 MPH)
Batting: LHB Josh Anderson 0-0: Called Strike
0-1: Ball
1-1: Foul Ball, location: 23F
1-2: Ball
2-2: Fly out, F8 (Flyball, 89M, EV 99.4 MPH)
Bottom of the 6th over - 4 runs, 4 hits, 0 errors, 0 left on base; Northwest Arkansas 11 - Frisco 12
TOP OF THE 7TH
Northwest Arkansas Naturals batting - Pitching for Frisco RoughRiders : RHP Oscar Infante
Batting: RHB Jordan Baeza 0-0: Ball
1-0: Called Strike
1-1: Called Strike
1-2: Ball
2-2: Fly out, F8 (Flyball, 8LM, EV 91.3 MPH)
Batting: LHB Sean Eddy 0-0: Ball
1-0: Ball
2-0: Ball
3-0: Base on Balls
Pinch Hitting: LHB Dan Jackson 0-0: Called Strike
0-1: Foul Ball, location: 2F
0-2: Ball
1-2: Ball
2-2: Foul Ball, location: 2F
2-2: Ball
3-2: SINGLE (Line Drive, 89S, EV 106.9 MPH)
Sean Eddy to second
Pinch Hitting: RHB Sam Gilpin 0-0: Ball
1-0: DOUBLE (Line Drive, 78XD, EV 110.0 MPH)
Sean Eddy scores
Dan Jackson to third
Batting: RHB Gabe Pike 0-0: Ball
1-0: Foul Ball, location: 2F
1-1: Foul Ball, location: 7LSF
1-2: Ball
2-2: Ball
3-2: Foul Ball, location: 9LMF
3-2: Strikes out swinging
Batting: RHB Tom Turnage 0-0: Called Strike
0-1: Ground out 5-3 (Groundball, 56S, EV 90.0 MPH)
Top of the 7th over - 1 run, 2 hits, 0 errors, 2 left on base; Northwest Arkansas 12 - Frisco 12
BOTTOM OF THE 7TH
Frisco RoughRiders batting - Pitching for Northwest Arkansas Naturals : LHP C.J. Confalone
Now at 2B: Tom Turnage
Now at SS: Sam Gilpin
Now in CF: Jim Brennan
Batting: LHB Dallas Zancanella 0-0: SINGLE (Groundball, 6MD, EV 101.3 MPH)
Batting: RHB Manny Rodriguez 0-0: Called Strike
0-1: Swinging Strike
0-2: Ball
1-2: Strikes out looking
Batting: RHB Kymani Biggs 0-0: Swinging Strike
0-1: Ball
1-1: Foul Ball, location: 7LSF
1-2: Strikes out swinging
Batting: RHB Mark Riggs 0-0: Foul Ball, location: 23FF
0-1: Called Strike
0-2: Strikes out swinging
Bottom of the 7th over - 0 runs, 1 hit, 0 errors, 1 left on base; Northwest Arkansas 12 - Frisco 12
TOP OF THE 8TH
Northwest Arkansas Naturals batting - Pitching for Frisco RoughRiders : RHP Oscar Infante
Pitching: RHP Estêvão Ano
Batting: SHB Michael Sena 0-0: Ball
1-0: Ball
2-0: Swinging Strike
2-1: Swinging Strike
2-2: Ball
3-2: Strikes out swinging
Batting: RHB Eric Young 0-0: Ball
1-0: Called Strike
1-1: Foul Ball, location: 5FF
1-2: SINGLE (Groundball, 4MD, EV 100.0 MPH)
Batting: LHB Rafael Moya 0-0: Foul Ball, location: 23F
0-1: Ball
1-1: SINGLE (Line Drive, 34D, EV 105.0 MPH)
Eric Young to second
Pinch Runner at 2nd Jeff Register:
Batting: RHB Jordan Baeza 0-0: Ball
1-0: Called Strike
1-1: Swinging Strike
1-2: Strikes out swinging
Batting: LHB Sean Eddy 0-0: Ball
1-0: Ball
2-0: Foul Ball, location: 2F
2-1: Called Strike
2-2: Foul Ball, location: 2F
2-2: Ball
3-2: Foul Ball, location: 3FF
3-2: Base on Balls
Jeff Register to third
Rafael Moya to second
Batting: LHB Jim Brennan 0-0: Ball
1-0: Called Strike
1-1: Called Strike
1-2: Strikes out swinging
Top of the 8th over - 0 runs, 2 hits, 0 errors, 3 left on base; Northwest Arkansas 12 - Frisco 12
BOTTOM OF THE 8TH
Frisco RoughRiders batting - Pitching for Northwest Arkansas Naturals : LHP C.J. Confalone
Pitching: RHP Justin Miller
Now at 1B: Nick Corcoran
Batting: LHB Corey Jackson 0-0: Ball
1-0: Ground out 2-3 (Groundball, 2L, EV 70.6 MPH)
Batting: RHB Eric Nichols 0-0: Ball
1-0: SINGLE (Line Drive, 56D, EV 98.8 MPH)
Batting: RHB Pedro Colon 0-0: Called Strike
0-1: Ball
1-1: Swinging Strike
1-2: Ball
2-2: Foul Ball, location: 3SF
2-2: Foul Ball, location: 9LMF
2-2: Grounds into double play, 1-6-3 (Groundball, 34S, EV 67.5 MPH)
Bottom of the 8th over - 0 runs, 1 hit, 0 errors, 0 left on base; Northwest Arkansas 12 - Frisco 12
TOP OF THE 9TH
Northwest Arkansas Naturals batting - Pitching for Frisco RoughRiders : RHP Estêvão Ano
Batting: RHB Sam Gilpin 0-0: Called Strike
0-1: Ball
1-1: Called Strike
1-2: Ball
2-2: Foul Ball, location: 5FF
2-2: Foul Ball, location: 2F
2-2: Ball
3-2: Fly out, F7 (Flyball, 78S, EV 84.4 MPH)
Batting: RHB Gabe Pike 0-0: Fly out, F9 (Flyball, 89D, EV 100.6 MPH)
Batting: RHB Tom Turnage 0-0: Ball
1-0: Ball
2-0: Swinging Strike
2-1: Swinging Strike
2-2: Ball
3-2: Strikes out looking
Top of the 9th over - 0 runs, 0 hits, 0 errors, 0 left on base; Northwest Arkansas 12 - Frisco 12
BOTTOM OF THE 9TH
Frisco RoughRiders batting - Pitching for Northwest Arkansas Naturals : RHP Justin Miller
Batting: LHB Ryan O'Neal 0-0: Ball
1-0: Foul Ball, location: 3F
1-1: Foul Ball, location: 2F
1-2: Ground out 6-3 (Groundball, 6, EV 105.0 MPH)
Batting: LHB Josh Anderson 0-0: DOUBLE (Line Drive, 78M, EV 104.4 MPH)
Batting: LHB Dallas Zancanella 0-0: Intentional Walk
Batting: RHB Manny Rodriguez 0-0: Ball
1-0: Fly out, F7 (Flyball, 7, EV 106.3 MPH)
Batting: RHB Kymani Biggs 0-0: Foul Ball, location: 3FF
0-1: Fly out, F8 (Flyball, 8RM, EV 88.1 MPH)
Bottom of the 9th over - 0 runs, 1 hit, 0 errors, 2 left on base; Northwest Arkansas 12 - Frisco 12
TOP OF THE 10TH
Northwest Arkansas Naturals batting - Pitching for Frisco RoughRiders : RHP Estêvão Ano
Tom Turnage starts the inning at 2nd base.
Batting: SHB Michael Sena 0-0: Intentional Walk
Pitching: RHP Erik Rizzo
Batting: RHB Nick Corcoran 0-0: Called Strike
0-1: Ball
1-1: SINGLE (Groundball, 4MD, EV 98.1 MPH)
Tom Turnage to third
Michael Sena to second
Batting: LHB Rafael Moya 0-0: SINGLE (Line Drive, 6, EV 75.6 MPH)
Tom Turnage scores
Michael Sena to third
Nick Corcoran to second
Batting: RHB Jordan Baeza 0-0: Ball
1-0: Foul Ball, location: 2F
1-1: Called Strike
1-2: Ball
2-2: SINGLE (Groundball, 34D, EV 96.9 MPH)
Michael Sena scores
Nick Corcoran to third
Rafael Moya to second
Runner from 3rd tries for Home, SAFE, throw by RF to home
Batting: LHB Sean Eddy 0-0: Called Strike
0-1: Ball
1-1: Foul Ball, location: 2F
1-2: 3-RUN HOME RUN (Flyball, 89XD, EV 106.3 MPH), Distance : 422 ft
Pitching: RHP Jason Forbush
Batting: LHB Jim Brennan 0-0: Ball
1-0: Ball
2-0: Foul Ball, location: 7LSF
2-1: Called Strike
2-2: Strikes out swinging
Batting: RHB Sam Gilpin 0-0: Swinging Strike
0-1: Ball
1-1: Called Strike
1-2: Foul Ball, location: 9LMF
1-2: Ball
2-2: Ground out 5-3 (Groundball, 5S, EV 87.5 MPH)
Batting: RHB Gabe Pike 0-0: Called Strike
0-1: Ball
1-1: Fly out, F8 (Flyball, 89S, EV 83.8 MPH)
Top of the 10th over - 6 runs, 4 hits, 0 errors, 0 left on base; Northwest Arkansas 18 - Frisco 12
BOTTOM OF THE 10TH
Frisco RoughRiders batting - Pitching for Northwest Arkansas Naturals : RHP Justin Miller
Kymani Biggs starts the inning at 2nd base.
Batting: RHB Mark Riggs 0-0: Ball
1-0: Foul Ball, location: 2F
1-1: Ball
2-1: Fly out, F9 (Flyball, 9LS, EV 88.8 MPH)
Batting: LHB Corey Jackson 0-0: DOUBLE (Line Drive, 9LM, EV 110.6 MPH)
Kymani Biggs scores
Batting: RHB Eric Nichols 0-0: Ball
1-0: Called Strike
1-1: Foul Ball, location: 23FF
1-2: Ball
2-2: Ball
3-2: Strikes out swinging
Batting: RHB Pedro Colon 0-0: Ball
1-0: Swinging Strike
1-1: Ball
2-1: Foul Ball, location: 2F
2-2: Foul Ball, location: 2F
2-2: Ball
3-2: Strikes out looking
Bottom of the 10th over - 1 run, 1 hit, 0 errors, 1 left on base; Northwest Arkansas 18 - Frisco 13
Friday, April 12th , 2024 - OOTP Baseball 24.11 Build 85